Map: Radhuset Station LE

Players

LiquidClem (Clem)

  • Race: Terran Terran
  • League: Grandmaster
  • Spawn Location: 1:00

MaxPax - Winner!

  • Race: Protoss Protoss
  • League: Grandmaster
  • Spawn Location: 7:00

VOD

Have the link to the VOD?

Description

Time

  • Played on: Oct. 23, 2023, 2:59 p.m.
  • Length: 16:08
Show
View Real Time Build Order
Export as new Build Order

LiquidClem Terran 

Build Orders: Cyclone Opening, Reaper Expand 

Get SALT Encoding   

  12  0:00  SCV  
  13  0:12  SCV  
  14  0:17  Supply Depot  
  14  0:24  SCV  
  15  0:39  SCV  
  15  0:40  Barracks  
  16  0:44  Refinery  
  16  0:51  SCV  
  17  1:03  SCV  
  18  1:15  SCV  
  19  1:27  Reaper  
  19  1:28  Orbital Command  
  20  1:46  Command Center  
  20  1:51  Supply Depot  
  20  1:55  SCV  
  20  2:00  Marine  
  22  2:07  SCV  
  23  2:11  Factory  
  23  2:18  Marine  
  23  2:19  SCV  
  25  2:25  Bunker  
  25  2:31  SCV  
  26  2:37  Barracks Reactor  
  26  2:43  SCV  
  27  2:55  Cyclone  
  27  2:57  SCV  
  29  2:59  Orbital Command  
  29  3:09  SCV  
  30  3:14  Marine x2  
  32  3:21  SCV  
  32  3:22  Command Center  
  32  3:25  SCV  
  34  3:33  SCV  
  35  3:34  Marine  
  35  3:35  Marine  
  35  3:37  SCV  
  35  3:41  Barracks, Factory Tech Lab  
  38  3:45  SCV  
  39  3:49  SCV  
  39  3:52  Marine x2  
  42  3:56  Barracks  
  42  3:59  SCV  
  42  4:01  SCV, Supply Depot  
  44  4:10  Marine x2  
  44  4:15  Refinery  
  46  4:22  SCV x2, Supply Depot  
  48  4:26  Factory Tech Lab  
  48  4:28  Marine x2  
  50  4:31  Engineering Bay  
  50  4:33  Stimpack, Marine  
  50  4:34  SCV x2  
  50  4:36  Orbital Command  
  53  4:46  SCV x2  
  53  4:48  Marine  
  53  4:49  Starport  
  53  4:50  Marine  
  57  4:58  SCV x2  
  57  4:59  Missile Turret  
  59  5:03  SCV, Marine  
  59  5:04  Marine  
  59  5:06  Factory Reactor  
  59  5:10  Marine  
  59  5:11  SCV x2  
  59  5:15  SCV  
  59  5:17  Marine  
  59  5:23  SCV x2  
  59  5:26  Combat Shield  
  59  5:27  SCV  
  62  5:31  Marine  
  62  5:32  Marauder  
  62  5:35  Marauder, SCV x2  
  69  5:38  Marine  
  69  5:43  Missile Turret  
  69  5:45  SCV  
  69  5:47  SCV  
  69  5:48  SCV  
  69  5:49  Marine  
  72  5:50  Refinery  
  72  5:54  Refinery  
  72  5:56  Marauder  
  75  6:02  Supply Depot  
  76  6:05  SCV  
  76  6:07  Marine, SCV  
  76  6:10  Marauder  
  79  6:13  Marine  
  79  6:17  SCV  
  79  6:18  Orbital Command, Marauder  
  79  6:19  SCV  
  79  6:21  Medivac  
  79  6:24  Supply Depot  
  82  6:29  Marine  
  82  6:30  SCV  
  82  6:31  SCV  
  85  6:35  Medivac  
  85  6:38  Supply Depot  
  87  6:42  Marauder, SCV  
  87  6:44  SCV x2  
  92  6:48  Marauder  
  92  6:51  Terran Infantry Weapons Level 1  
  92  6:53  Marine x2  
  96  6:54  SCV  
  96  6:57  SCV, Supply Depot  
  96  6:59  SCV  
  99  7:05  Marauder  
  99  7:06  SCV  
  102  7:09  Supply Depot  
  102  7:10  SCV  
  102  7:14  Barracks, Factory Reactor  
  105  7:15  SCV  
  105  7:16  Barracks  
  105  7:18  SCV  
  105  7:21  Supply Depot  
  105  7:22  SCV  
  106  7:23  Medivac x2  
  106  7:27  Marine  
  106  7:28  Marine, Supply Depot, SCV  
  113  7:31  Concussive Shells, Marauder, Refinery  
  113  7:32  SCV, Refinery  
  113  7:35  Supply Depot  
  113  7:36  SCV  
  117  7:39  Marauder  
  117  7:40  SCV  
  117  7:43  Supply Depot  
  120  7:47  SCV  
  120  7:48  Marine x2  
  119  7:52  Marauder  
  119  7:54  Supply Depot  
  119  7:56  SCV  
  118  7:58  SCV  
  118  8:00  Viking, Marauder  
  118  8:04  Barracks Tech Lab x2  
  119  8:05  SCV  
  119  8:08  SCV  
  119  8:11  Marine x2, SCV  
  122  8:13  Marauder  
  122  8:15  Viking  
  122  8:16  Widow Mine x2  
  122  8:19  SCV  
  131  8:20  SCV, Supply Depot  
  131  8:21  Marauder  
  131  8:24  Marauder x2  
  128  8:29  SCV, Marine  
  128  8:31  Marine  
  128  8:32  SCV  
  129  8:34  SCV  
  129  8:35  Marauder  
  129  8:39  Viking  
  129  8:40  Widow Mine x2  
  137  8:43  Marauder  
  137  8:45  SCV x2, Marine  
  137  8:47  Armory, Marine  
  137  8:48  Marauder  
  143  8:49  Marine  
  143  8:50  Engineering Bay  
  143  8:51  Medivac  
  144  8:56  Marine  
  144  9:01  Command Center, Widow Mine  
  144  9:02  Marine  
  146  9:04  Ghost Academy  
  146  9:05  Marauder, Widow Mine  
  146  9:07  Marine  
  152  9:11  Supply Depot  
  152  9:15  Sensor Tower  
  152  9:16  Missile Turret, Medivac  
  154  9:21  Supply Depot, Medivac  
  154  9:23  Widow Mine  
  158  9:26  Widow Mine, Marauder x2  
  162  9:31  Marauder, Marine  
  162  9:32  Marauder  
  162  9:33  Marine  
  162  9:34  Supply Depot  
  162  9:35  Supply Depot  
  168  9:46  Ghost x2  
  168  9:51  Medivac  
  168  9:52  Ghost  
  174  9:56  Ghost  
  169  10:00  Marine x2  
  169  10:06  Viking  
  169  10:07  Widow Mine  
  164  10:15  Ghost, Marine  
  164  10:18  Marine x2  
  164  10:20  SCV  
  164  10:21  Marine, Medivac  
  137  10:25  Marine  
  137  10:26  SCV, Widow Mine  
  137  10:28  Widow Mine  
  138  10:32  SCV  
  138  10:33  Command Center, Marauder  
  133  10:36  Medivac, Marine x2  
  133  10:39  Marauder  
  139  10:43  Marine x2  
  139  10:46  Barracks  
  139  10:47  Barracks, Widow Mine  
  139  10:48  Barracks  
  139  10:49  Widow Mine  
  145  10:51  Supply Depot, Medivac  
  145  10:52  Terran Infantry Armor Level 1  
  145  10:57  Marine x2  
  147  10:59  Marauder  
  147  11:01  Marauder x2  
  155  11:05  Marauder  
  155  11:08  Terran Infantry Weapons Level 2, Widow Mine  
  155  11:11  Widow Mine  
  161  11:18  Marine x2  
  159  11:20  SCV x2, Marauder  
  159  11:21  SCV  
  159  11:22  Marauder  
  159  11:23  Marauder  
  168  11:26  Marauder  
  168  11:27  Viking x2  
  168  11:30  Widow Mine  
  175  11:32  SCV  
  175  11:35  SCV  
  175  11:36  SCV  
  175  11:37  Marine  
  175  11:38  Barracks Tech Lab  
  178  11:40  Barracks Tech Lab  
  178  11:41  Marauder  
  178  11:43  Ghost, Marauder  
  178  11:45  SCV  
  185  11:48  SCV, Refinery  
  185  11:49  Refinery  
  185  11:50  Marauder  
  188  11:57  Sensor Tower  
  188  11:58  Viking  
  190  12:03  Marauder  
  180  12:09  Ghost  
  180  12:10  Marine  
  180  12:11  Marine  
  180  12:12  Marauder  
  180  12:15  Medivac  
  154  12:16  Marine  
  154  12:22  Ghost  
  138  12:28  Medivac, Marine  
  133  12:30  SCV  
  133  12:31  Marine, SCV  
  133  12:32  Marine  
  133  12:37  Marauder x2  
  141  12:40  Planetary Fortress  
  141  12:41  Marine  
  141  12:43  Marine  
  143  12:45  Medivac  
  143  12:48  Terran Infantry Armor Level 2  
  143  12:49  Marine x2  
  149  12:51  Marauder  
  149  12:57  Starport  
  149  13:00  Marauder x2  
  149  13:04  Medivac  
  155  13:07  Marauder, Marine  
  160  13:14  Command Center  
  160  13:17  Missile Turret  
  160  13:19  Terran Ship Weapons Level 1, Marine  
  160  13:22  Marine x2  
  160  13:23  Marauder  
  160  13:25  Ghost  
  160  13:26  Marauder  
  167  13:29  Marine  
  167  13:30  Marine, Marauder  
  171  13:36  Viking  
  171  13:37  Viking, Marine  
  171  13:39  Ghost  
  171  13:40  Viking, Marine  
  173  13:44  Marine  
  173  13:47  Marine  
  173  13:48  Marauder x2  
  172  13:51  Marauder  
  172  13:52  Viking  
  172  13:54  Marine  
  172  13:55  Marine  
  172  14:02  Marauder, Marine  
  150  14:05  Marine  
  150  14:08  Medivac  
  150  14:09  Marauder, Marine x2  
  149  14:28  Command Center  
  149  14:32  Viking  
  149  14:35  Viking  
  148  14:40  Marauder  
  148  14:41  Marauder  
  148  14:42  Marauder  
  148  14:45  Marauder  
  154  14:49  Ghost  
  154  14:50  Marine  
  154  14:51  Marine  
  158  14:56  Medivac  
  158  14:58  Ghost  
  162  15:01  Ghost  
  162  15:02  Barracks Tech Lab  
  162  15:03  Barracks Reactor  
  162  15:04  Marine  
  165  15:09  Marauder  
  165  15:13  Marine x2  
  129  15:14  Viking x2  
  169  15:18  Viking  
  174  15:26  Marine  
  174  15:31  Marauder  
  174  15:32  Marauder  
  174  15:33  Marine  
  166  15:36  Medivac  
  166  15:37  Marine x2  
  166  15:41  Orbital Command  
  167  15:43  Marauder, Marine  
  167  15:46  Marine  
Show
View Real Time Build Order
Export as new Build Order

MaxPax Protoss - Winner!

Build Orders: 1 Gate Expand, Zealot Archon, Archon Drop, Dark Templar Rush 

Get SALT Encoding   

  12  0:00  Probe  
  13  0:12  Probe  
  14  0:17  Pylon  
  14  0:24  Probe (Chrono Boost)  
  15  0:36  Probe (Chrono Boost)  
  15  0:38  Gateway  
  16  0:45  Probe (Chrono Boost)  
  16  0:47  Assimilator  
  17  0:50  Probe  
  18  1:03  Probe  
  19  1:15  Probe  
  20  1:25  Cybernetics Core  
  20  1:26  Zealot  
  22  1:41  Nexus  
  22  1:48  Pylon  
  22  1:51  Probe  
  23  1:59  Assimilator  
  23  2:04  Adept (Chrono Boost)  
  23  2:06  Probe  
  26  2:13  Warp Gate  
  26  2:18  Probe  
  27  2:24  Adept (Chrono Boost)  
  29  2:30  Probe  
  30  2:38  Twilight Council  
  30  2:43  Probe (Chrono Boost)  
  31  2:53  Probe (Chrono Boost)  
  33  2:59  Robotics Facility  
  33  3:01  Probe (Chrono Boost)  
  33  3:03  Probe (Chrono Boost)  
  34  3:07  Probe (Chrono Boost)  
  34  3:09  Gateway  
  35  3:14  Probe  
  36  3:23  Dark Shrine  
  36  3:24  Probe  
  37  3:28  Probe  
  38  3:36  Probe  
  38  3:40  Probe  
  38  3:41  Gateway  
  38  3:48  Probe  
  39  3:49  Warp Prism (Chrono Boost)  
  39  3:52  Probe  
  42  4:00  Probe  
  42  4:01  Pylon  
  43  4:04  Assimilator, Probe  
  44  4:12  Probe  
  44  4:16  Probe  
  46  4:24  Probe  
  48  4:32  Nexus  
  48  4:36  Probe  
  48  4:40  Dark Templar x3  
  48  4:44  Pylon  
  54  5:02  Probe x2  
  54  5:14  Probe x2  
  54  5:18  Assimilator  
  54  5:19  Blink (Chrono Boost)  
  56  5:26  Probe x2  
  56  5:27  Pylon  
  58  5:38  Probe (Chrono Boost)  
  58  5:39  Probe (Chrono Boost)  
  60  5:45  Probe (Chrono Boost)  
  60  5:47  Dark Templar x3  
  67  5:51  Probe x2 (Chrono Boost)  
  67  5:52  Archon x2  
  67  5:56  Forge, Probe (Chrono Boost)  
  70  5:58  Observer, Probe x2 (Chrono Boost)  
  70  6:01  Probe (Chrono Boost)  
  70  6:03  Gateway  
  74  6:04  Gateway  
  74  6:05  Probe x2  
  74  6:06  Gateway  
  74  6:11  Probe  
  77  6:17  Probe x2  
  79  6:20  Stalker x3  
  79  6:23  Pylon  
  85  6:28  Gateway  
  85  6:30  Protoss Ground Weapons Level 1 (Chrono Boost)  
  85  6:32  Gateway  
  85  6:36  Pylon  
  85  6:39  Assimilator  
  85  6:41  Probe x3  
  88  6:48  Stalker x2  
  88  6:51  Pylon  
  88  6:53  Probe  
  93  6:55  Charge (Chrono Boost)  
  93  6:56  Stalker  
  93  6:57  Nexus  
  93  6:59  Probe x2  
  97  7:08  Stalker x2  
  101  7:11  Observer  
  101  7:12  Pylon  
  101  7:13  Pylon  
  101  7:15  Pylon  
  101  7:19  Templar Archives  
  101  7:22  Probe  
  102  7:28  Stalker x3  
  108  7:30  Probe  
  108  7:32  Stalker  
  108  7:33  Stalker, Pylon  
  113  7:39  Probe  
  113  7:42  Probe  
  113  7:43  Pylon  
  115  7:50  Probe  
  116  7:55  Probe  
  113  8:09  Zealot x8  
  129  8:15  Psionic Storm, Forge  
  129  8:16  Probe x2  
  129  8:17  Gateway  
  129  8:19  Gateway  
  129  8:28  Protoss Ground Armor Level 1 (Chrono Boost), Probe  
  118  8:35  High Templar x4, Zealot x3  
  118  8:36  Zealot, Probe x3  
  137  8:47  Observer  
  138  8:52  Probe  
  138  8:54  Probe  
  130  9:05  Zealot  
  130  9:06  Nexus, Zealot x3  
  130  9:07  Zealot x4  
  130  9:08  Pylon  
  146  9:15  Probe x3  
  146  9:16  Protoss Ground Weapons Level 2 (Chrono Boost)  
  147  9:32  High Templar x2, Zealot x4  
  147  9:33  Zealot x4  
  147  9:36  Archon  
  168  9:38  Observer (Chrono Boost)  
  168  9:39  Probe  
  168  9:41  Probe  
  168  9:43  Probe x2  
  172  9:47  Photon Cannon  
  172  9:48  Photon Cannon, Shield Battery  
  172  9:51  Pylon, Probe  
  159  10:02  Zealot x6  
  159  10:04  Observer  
  159  10:05  Zealot  
  168  10:12  Probe x2  
  158  10:19  Zealot x4  
  158  10:20  Archon  
  158  10:21  Archon  
  136  10:22  Zealot x6  
  136  10:25  Protoss Ground Armor Level 2 (Chrono Boost)  
  140  10:32  Probe  
  141  10:36  Gateway  
  141  10:39  Gateway  
  141  10:40  Observer (Chrono Boost)  
  141  10:41  Gateway  
  141  10:42  High Templar x4  
  137  10:43  High Templar  
  137  10:45  Gateway, Assimilator  
  137  10:46  Assimilator  
  137  10:47  Photon Cannon  
  137  10:48  Pylon  
  137  10:49  Pylon  
  143  10:54  Archon  
  143  10:59  Probe  
  143  11:00  Robotics Bay  
  144  11:09  Observer, Stalker x2  
  144  11:11  Stalker x3  
  154  11:17  Nexus  
  149  11:20  Photon Cannon, Pylon  
  149  11:21  Stalker x4  
  149  11:24  Photon Cannon  
  157  11:35  Probe x3  
  157  11:36  Zealot x6  
  157  11:37  Zealot x3  
  178  11:43  Protoss Ground Weapons Level 3 (Chrono Boost), Probe  
  178  11:45  Photon Cannon  
  179  11:48  Zealot x5  
  179  11:50  Pylon  
  187  11:54  Probe x2, Colossus (Chrono Boost)  
  187  11:55  Extended Thermal Lance  
  187  12:01  Zealot x2  
  199  12:03  Gateway  
  199  12:05  Dark Shrine  
  199  12:07  Gateway  
  189  12:12  Zealot x11  
  178  12:19  Archon  
  147  12:36  High Templar x4  
  151  12:37  Zealot x10  
  151  12:39  Warp Prism (Chrono Boost), Probe x2  
  151  12:42  Photon Cannon  
  175  12:45  Shield Battery  
  175  12:47  Protoss Ground Armor Level 3  
  175  12:51  Robotics Facility  
  175  12:58  Shadow Stride (Chrono Boost)  
  175  13:02  Zealot x6  
  175  13:03  Nexus  
  187  13:07  Colossus (Chrono Boost)  
  187  13:11  Zealot x3  
  199  13:26  Pylon  
  195  13:40  Stalker  
  195  13:41  Zealot x9  
  189  13:43  Observer (Chrono Boost)  
  189  13:44  Zealot x5  
  189  13:46  Stalker  
  150  14:03  Colossus (Chrono Boost)  
  150  14:08  Colossus (Chrono Boost)  
  134  14:10  Zealot x6, Stalker x5  
  134  14:11  Zealot  
  154  14:21  Photon Cannon, Shield Battery  
  154  14:31  Stalker x4  
  162  14:34  Zealot x3  
  162  14:35  Zealot  
  162  14:38  Warp Prism (Chrono Boost)  
  168  14:41  High Templar  
  168  14:43  Colossus (Chrono Boost)  
  172  14:51  Probe  
  172  14:52  Photon Cannon, Probe x2  
  175  14:54  Pylon  
  175  14:55  Stalker x5  
  185  15:01  Assimilator x2  
  183  15:14  Stalker  
  185  15:15  Zealot x7  
  188  15:44  Dark Templar x7  
  188  15:48  Dark Templar  
  188  15:49  Dark Templar  
Tags
 
Add a new tag
Caveats
  • Supply blocks, unpowered buildings, or Contaminate may cause inaccurate times.
  • Supply counts are checked every 10 seconds.